 Dungeon Crawl Stone Soup version 0.27-a0-1191-g601b473118 (webtiles) character file.

Game seed: 17224637014082141205

646 mandarbmax the Cleaver (level 7, -7/78 HPs)
             Began as a Formicid Fighter on May 25, 2021.
             Engulfed by a cloud of flame (23 damage)
             ... on level 4 of the Dungeon.
             The game lasted 00:03:53 (2908 turns).

mandarbmax the Cleaver (Formicid Fighter)           Turns: 2908, Time: 00:03:54

Health: -7/78      AC: 23    Str: 22    XL:     7   Next: 82%
Magic:  7/7        EV:  2    Int:  8    God:
Gold:   175        SH:  9    Dex: 10    Spells: 6/6 levels left

rFire    . . .     SeeInvis .   a - +0 war axe
rCold    . . .     Faith    .   c - +0 kite shield
rNeg     + + +     Spirit   .   (armour currently unavailable)
rPois    +         Reflect  .   (helmet unavailable)
rElec    .         Harm     .   (cloak currently unavailable)
rCorr    .         Rampage  .   (gloves currently unavailable)
Will     +....                  (boots currently unavailable)
Stlth    +.........             (no amulet)
HPRegen  0.23/turn              n - ring of willpower
MPRegen  0.10/turn              (no ring)

@: brilliant, tree-form
A: stationary, stasis, torment immunity, boosted hp, permanent stasis, dig
shafts and tunnels, (antennae 3), four strong arms
a: no special abilities


You were on level 4 of the Dungeon.
You were a tree.
You visited 1 branch of the dungeon, and saw 4 of its levels.

You collected 175 gold pieces.

Inventory:

Hand Weapons
 a - a +0 war axe (weapon)
Missiles
 k - 44 bolts
 r - 2 curare-tipped darts
Armour
 c - a +0 kite shield (worn)
 m - +0 swamp dragon scales (melded)
 o - a +0 pair of boots (melded)
Jewellery
 n - a ring of willpower (left branch)
Wands
 q - a wand of mindburst (7)
Scrolls
 b - a scroll of magic mapping {unknown}
 d - a scroll of noise {unknown}
 g - a scroll of immolation
 h - a scroll of enchant armour {unknown}
 l - a scroll of identify {unknown}
 p - a scroll of teleportation {unknown}
Potions
 j - a potion of lignification


   Skills:
 - Level 3.2 Fighting
 + Level 8.1 Axes
 - Level 3.2 Armour
 - Level 4.0 Shields


You had 6 spell levels left.
You didn't know any spells.
Your spell library contained the following spells:

 Spells                   Type           Power      Damage    Failure   Level
 Confusing Touch          Hex            0%         N/A       98%         3
 Gell's Gravitas          Tloc           0%         N/A       98%         3
 Petrify                  Tmut/Erth      0%         N/A       100%        4
 Metabolic Englaciation   Hex/Ice        0%         N/A       100%        5
 Yara's Violent Unravell  Hex/Tmut       0%         3d3       100%        5


Dungeon Overview and Level Annotations

Branches:
Dungeon (4/15)
 Temple: D:4-7

Altars:
Vehumet


Innate Abilities, Weirdness & Mutations

You are a tree.
Your roots penetrate the ground, keeping you stationary.
You cannot be teleported.
You are immune to unholy pain and torment.
Your maximum health is greatly increased.
Your equipment is partially melded.
You cannot be hasted, slowed, berserked, paralysed or teleported.
You can dig through walls and to a lower floor.
((You have a pair of large antennae on your head. (SInv)))
Your four strong arms can wield two-handed weapons with a shield.


Message History

Things that are here:
a +0 whip; 3 boomerangs; a +0 leather armour A black bear and Blork the orc come into view.
Blork the orc shouts!
The black bear growls angrily.
There are monsters nearby!
There are monsters nearby!
As you read the scroll labelled MELINLERUF, it crumbles to dust.
The creatures around you are filled with an inner flame!
It was a scroll of immolation.
Okay, then.
It was a potion of lignification.
You turn into a tree.
Your +0 pair of boots melds into your body.
Your +0 swamp dragon scales melds into your body.
Your roots penetrate the ground.
Blork the orc gestures wildly while chanting.
Blork the orc seems to speed up.
You slash the black bear!
Flame seeps out of the black bear.
The black bear is moderately wounded.
The black bear is engulfed in blazing flames.
Flame seeps out of the black bear.
The black bear goes berserk!
Unknown command.
It was a potion of flight.
Your roots keep you in place.
The black bear is engulfed in blazing flames.
The black bear explodes!
The fiery explosion engulfs you!
The fiery explosion engulfs Blork the orc!!
Blork the orc explodes!
Your Axes skill increases to level 8!
It was a potion of curing.
You feel better.
You are engulfed in blazing flames.
Okay, then.
You are engulfed in blazing flames.
You are engulfed in blazing flames.
You are engulfed in blazing flames.
It was a potion of brilliance.
You feel clever all of a sudden.
You are engulfed in blazing flames.
* * * LOW HITPOINT WARNING * * *
Okay, then.
You are engulfed in blazing flames.
You die...

#..###.###...#######.
#.#.#..# #≈≈≈≈≈ #.
#......# #...### #.
####.####.#### . #.#
#. . #.# #. . #.# #
#.# #♣# #§.§§....
#####.... ..


There were no monsters in sight!

Vanquished Creatures
  Grinder (D:4)
  Edmund (D:4)
  A black bear (D:4)
  Blork the orc (D:4)
  Jessica (D:3)
  2 orc wizards (D:3)
  2 adders
  A worm (D:2)
  5 dart slugs
  8 orcs
  10 endoplasms
  2 giant cockroaches
  3 goblins
  3 hobgoblins
  6 jackals (D:1)
  7 kobolds
  A quokka (D:1)
  7 ball pythons
  2 bats (D:2)
  A frilled lizard (D:3)
  2 rats
67 creatures vanquished.

Vanquished Creatures (others)
  An orc (D:3)
1 creature vanquished.

Grand Total: 68 creatures vanquished

Notes
Turn   | Place    | Note
-------+----------+-------------------------------------------
     0 | D:1      | mandarbmax the Formicid Fighter began the quest for the
                  | Orb.
     0 | D:1      | Reached XP level 1. HP: 18/18 MP: 1/1
   227 | D:1      | Reached XP level 2. HP: 21/24 MP: 2/2
   499 | D:1      | Reached skill level 3 in Axes
   499 | D:1      | Reached XP level 3. HP: 24/29 MP: 3/3
  1220 | D:2      | Reached XP level 4. HP: 31/35 MP: 4/4
  1432 | D:2      | Reached skill level 4 in Axes
  1728 | D:3      | Found a radiant altar of Vehumet.
  1748 | D:3      | Reached XP level 5. HP: 14/41 MP: 5/5
  2208 | D:3      | Noticed Jessica
  2216 | D:3      | Killed Jessica
  2217 | D:3      | Reached skill level 5 in Axes
  2324 | D:3      | Found a faded altar of an unknown god.
  2778 | D:4      | Noticed Edmund
  2786 | D:4      | Killed Edmund
  2787 | D:4      | Reached skill level 6 in Axes
  2787 | D:4      | Reached XP level 6. HP: 46/47 MP: 6/6
  2794 | D:4      | Noticed Grinder
  2811 | D:4      | Killed Grinder
  2812 | D:4      | Reached skill level 7 in Axes
  2812 | D:4      | Reached XP level 7. HP: 40/52 MP: 7/7
  2897 | D:4      | Noticed Blork the orc
  2902 | D:4      | Killed Blork the orc
  2903 | D:4      | Reached skill level 8 in Axes
  2908 | D:4      | Engulfed by a cloud of flame

Illustrated notes

Levels and vault maps discovered:
D:1:      ncdulo_halloftheorcs, layout_basic, hangedman_decor_clover_reticule,
          chequers_avenue, minmay_tetromino_t2
D:2:      layout_basic, lightli_corner_chamber
D:3:      layout_basic, fiery_altar_vehumet,
          shapermc_ecumenical_altar_hornbeckon, uniq_jessica
D:4:      layout_loops_cross, gammafunk_ghost_cemetery,
          chequers_serial_rivers_micro_b, amcnicky_mini_corridor_feature,
          uniq_blork_the_orc, uniq_edmund, uniq_grinder

Skill      XL: |  1  2  3  4  5  6  7 |
---------------+----------------------+-----
Shields        | 4 |  4.0
Axes           | 3 4 6 7 8 |  8.1
Fighting       | |  3.2
Armour         | |  3.2

Action                   |  1- 3 |  4- 6 |  7- 9 || total
-------------------------+-------+-------+-------++-------
Melee: War axe           |    79 |    90 |     1 ||   170
 Abil: Dig               |       |     1 |       ||     1
  Use: Potion            |       |     1 |     4 ||     5
       Scroll            |       |       |     1 ||     1
Armor: Scale mail        |    26 |       |       ||    26
       Swamp dragon scal |     8 |    29 |       ||    37
Dodge: Dodged            |    27 |    27 |       ||    54
Block: Kite shield       |    51 |    45 |       ||    96

Table legend: (Time is in decaauts)
 A = Elapsed time spent in this place.
 B = Non-inter-level travel time spent in this place.
 C = Inter-level travel time spent in this place.
 D = Time resting spent in this place.
 E = Time spent auto-exploring this place.
 F = Levels seen in this place.
 G = Mean time per level.
                   A        B        C        D        E       F      G
               +--------+--------+--------+--------+--------+-----+--------+
         Total |   2993 |   2909 |     84 |    202 |   2234 |   4 |  748.2 |
       Dungeon |   2993 |   2909 |     84 |    202 |   2234 |   4 |  748.2 |
               +--------+--------+--------+--------+--------+-----+--------+

Top non-repeatable levels by time:
     D:3: 1116 daAuts
     D:1: 1043 daAuts
     D:2: 680 daAuts
     D:4: 153 daAuts
